 Dungeon Crawl Stone Soup version 0.32-a0-913-g739538afd8 (webtiles) character file.

Game seed: 1664534631477342954

1460 Fodor the Cleaver (level 8, 0/70 HPs)
             Began as a Minotaur Fighter on Apr 9, 2024.
             Was an Initiate of Gozag.
             Succumbed to a killer bee's poison
             ... on level 7 of the Dungeon.
             The game lasted 00:14:27 (3886 turns).

Fodor the Cleaver (Minotaur Fighter)                Turns: 3886, Time: 00:14:27

Health: 0/70       AC: 11    Str: 23      XL:     8   Next: 48%
Magic:  7/7        EV:  8    Int:  5      God:    Gozag
Gold:   1749       SH:  0    Dex:  7 (10) Spells: 7/7 levels left

rFire   + . .        w - +6 glaive "Zucs" {heavy, rCorr}
rCold   + . .        (shield currently unavailable)
rNeg    . . .        l - +0 chain mail
rPois   .            (helmet restricted)
rElec   .            y - scarf {rC+ rF+}
rCorr   +            (no gloves)
SInv    .            e - +0 pair of boots {Fly}
Will    .....        (no amulet) Stlth
                     (no ring)
HPRegen 0.31/turn    (no ring)
MPRegen 0.10/turn

%: no passive effects
@: mighty, lethally poisoned (0 -> -5), flying, invisible
A: horns 2, retaliatory headbutt, talons 1
a: Renounce Religion, Potion Petition, Call Merchant, Bribe Branch


You were on level 7 of the Dungeon.
You worshipped Gozag.
Gozag was most pleased with you.
You visited 2 branches of the dungeon, and saw 6 of its levels.
You also visited: Ossuary and Bailey.

You collected 1776 gold pieces.
You paid 27 gold pieces to Gozag.

Inventory:

Hand Weapons
 a - a +0 war axe
 w - the +6 glaive "Zucs" (weapon) {heavy, rCorr}
   (You found it on level 7 of the Dungeon)

   rCorr:     It protects you from acid and corrosion.
 B - a +0 battleaxe
Missiles
 A - 14 boomerangs (quivered)
Armour
 e - a +0 pair of boots of flying (worn)
 l - a +0 chain mail (worn)
 p - a +0 kite shield
 y - a scarf of resistance (worn)
 C - a +0 plate armour
Jewellery
 c - a ring of poison resistance
Talismans
 F - a blade talisman
Scrolls
 f - a scroll of noise {unknown}
 g - 6 scrolls of identify {unknown}
 h - 2 scrolls of fog {unknown}
 i - 2 scrolls of enchant armour {unknown}
 j - 2 scrolls of poison {unknown}
 k - 5 scrolls of teleportation {unknown}
 o - 2 scrolls of immolation {unknown}
 q - 2 scrolls of vulnerability {unknown}
 v - 2 scrolls of blinking {unknown}
 z - a scroll of revelation {unknown}
 E - a scroll of enchant weapon {unknown}
Potions
 b - a potion of degeneration
 n - a potion of attraction
 r - a potion of haste
 s - 4 potions of enlightenment
Miscellaneous
 D - a lightning rod (4/4)


   Skills:
 + Level 5.8 Fighting
 + Level 8.8 Axes
 + Level 1.1(5.6) Polearms
 + Level 0.2 Throwing
 + Level 7.0 Armour
 + Level 2.0 Dodging
 + Level 0.2 Stealth
 + Level 5.7 Shields


You had 7 spell levels left.
You didn't know any spells.
Your spell library contained the following spells:

 Spells                   Type           Power      Damage    Failure   Level
 Ensorcelled Hibernation  Hex/Ice        0%         N/A       99%         2
 Fugue of the Fallen      Necr           0%         N/A       100%        3
 Anguish                  Hex/Necr       0%         N/A       100%        4


Dungeon Overview and Level Annotations

Branches:
Dungeon (7/15)             Temple (1/1) D:6         Ossuary (visited)
 Bailey (visited)

Altars:
Ashenzari
Cheibriados
Dithmenos
Elyvilon
Fedhas
Gozag
Hepliaklqana
Kikubaaqudgha
Makhleb
Okawaru
Qazlal
Ru
Sif Muna
Trog
Uskayaw
Wu Jian
Xom
Yredelemnul
Zin
The Shining One

Annotations:
D:7 Menkaure


Innate Abilities, Weirdness & Mutations

You have a pair of horns on your head.
You reflexively headbutt those who attack you in melee.
You have sharp toenails.


Message History

Menkaure calls on the powers of darkness!
The killer bee convulses! x2; Your body is wracked with pain!
* * * LOW HITPOINT WARNING * * *
The killer bee stings you.
* * * LOW HITPOINT WARNING * * *
It was a potion of haste.
You feel yourself speed up.
* * * LOW HITPOINT WARNING * * *
You feel very sick. The killer bee closely misses you.
The killer bee stings you but does no damage.
It was a potion of cancellation.
Your magical effects are unravelling.
You feel magically purged.
You feel yourself slow down.
* * * LOW HITPOINT WARNING * * *
You feel sick. Menkaure breathes soot at you.
The killer bee closely misses you.
You feel less attractive to monsters.
It was a potion of invisibility.
You fade into invisibility!
* * * LOW HITPOINT WARNING * * *
You feel very sick.
The killer bee stings you but does no damage.
The killer bee closely misses you.
It was a potion of mutation.
You feel extremely strange.
You feel a little pissed off.
Your toenails lengthen and sharpen.
You feel a little more calm.
* * * LOW HITPOINT WARNING * * *
You feel sick.
The killer bee stings you but does no damage. x2
You feel very mighty all of a sudden.
* * * LOW HITPOINT WARNING * * *
You feel sick.
The killer bee stings you but does no damage.
The killer bee stings you.
* * * LOW HITPOINT WARNING * * *
You barely miss the killer bee.
The killer bee is severely wounded.
You die...
Your body crumbles into a pile of gold.

..'..# #.## ..##)#
#.#..# ..##)# #.#.##
####.# #.#.# #.#
#.#.# #.# #M#.# #.#
#y#.# #.# #y#.# #.#
#@#.# #.# #.#.# #.#
#.#.#
#.###########.#.#
#.#...........#.#
#.#.###########.#
####.#.###########.##
.....#..............#
######.##############


You could see Menkaure (fast) and 2 killer bees.

Vanquished Creatures
  A steam dragon (D:7)
  An ogre (D:7)
  4 orc warriors (Bailey)
  A weeping skull (Ossuary)
  2 scorpions
  A wight (Ossuary)
  3 killer bees (D:7)
  A hound (D:7)
  A bombardier beetle (D:7)
  2 orc priests (D:7)
  2 spectral scorpions (Ossuary)
  An iguana (D:6)
  Natasha (D:3)
  2 orc wizards (D:7)
  8 mummies (Ossuary)
  An adder (D:6)
  3 gnolls (D:3)
  A ribbon worm (D:2)
  14 orcs
  6 ball pythons (D:1)
  4 endoplasms
  4 giant cockroaches
  5 hobgoblins
  14 kobolds
  A quokka (D:2)
  4 bats
  8 frilled lizards (D:2)
  5 gnoll skeletons (Ossuary)
  8 goblins
  3 orc skeletons (Ossuary)
  A rat (D:2)
  10 spectral rats (Ossuary)
123 creatures vanquished.

Notes
Turn   | Place    | Note
-------+----------+-------------------------------------------
     0 | D:1      | Fodor the Minotaur Fighter began the quest for the Orb.
     0 | D:1      | Reached XP level 1. HP: 19/19 MP: 0/0
   185 | D:1      | Reached XP level 2. HP: 24/27 MP: 1/1
   196 | D:1      | Found a faded altar of an unknown god.
  1030 | D:2      | Reached XP level 3. HP: 33/33 MP: 2/2
  1054 | D:2      | Reached skill level 3 in Axes
  1355 | D:3      | Found a glowing golden altar of the Shining One.
  1400 | D:3      | Reached XP level 4. HP: 34/41 MP: 3/3
  1529 | D:3      | Noticed Natasha
  1540 | D:3      | Killed Natasha
  1638 | D:3      | You fall into a shaft and drop 3 floors!
  1692 | D:6      | Reached skill level 4 in Axes
  1692 | D:6      | Reached skill level 1 in Dodging
  1774 | D:6      | Found a staircase to the Ecumenical Temple.
  1967 | D:6      | Noticed a scorpion
  1976 | D:6      | Killed a scorpion
  1977 | D:6      | Reached XP level 5. HP: 37/47 MP: 4/4
  1997 | D:6      | Found a sand-covered staircase.
  2005 | Ossuary  | Entered an ossuary
  2035 | Ossuary  | Reached skill level 5 in Axes
  2038 | Ossuary  | Reached XP level 6. HP: 46/53 MP: 5/5
  2091 | Ossuary  | Reached skill level 5 in Armour
  2138 | Ossuary  | Reached skill level 6 in Axes
  2489 | Temple   | Entered the Ecumenical Temple
  2508 | Temple   | Became a worshipper of Gozag Ym Sagoz the Greedy
  2588 | D:7      | Reached skill level 5 in Fighting
  2588 | D:7      | Reached XP level 7. HP: 48/61 MP: 6/6
  2599 | D:7      | Reached skill level 7 in Axes
  2699 | D:7      | Identified the +6 glaive "Zucs" {heavy, rCorr}
  2811 | D:7      | Found a flagged portal.
  2835 | Bailey   | Entered a bailey
  2858 | Bailey   | Reached skill level 5 in Shields
  2936 | Bailey   | Reached skill level 8 in Axes
  2947 | Bailey   | HP: 3/61 [orc warrior/+0 war axe (14)]
  2951 | Bailey   | Reached XP level 8. HP: 5/69 MP: 7/7
  2961 | Bailey   | HP: 2/69 [orc/+0 hand axe (3)]
  3873 | D:7      | Noticed Menkaure
  3877 | D:7      | Reached skill level 1 in Polearms
  3884 | D:7      | Gained mutation: You sometimes lose your temper in combat.
                  | [potion of mutation]
  3884 | D:7      | Gained mutation: You have sharp toenails. [potion of
                  | mutation]
  3884 | D:7      | Lost mutation: You sometimes lose your temper in combat.
                  | [potion of mutation]
  3885 | D:7      | HP: 2/70 [killer bee (2)]
  3886 | D:7      | Succumbed to a killer bee's poison

Illustrated notes

Levels and vault maps discovered:
D:1:      minmay_arrival_cross, layout_basic, nicolae_ecumenical_snake_handling,
          serial_bayou_lagoon_b
D:2:      layout_basic, nrook_mini_backslash, minmay_lizard_pond
D:3:      layout_basic, marbit_many_paths, mainiacjoe_overflow_paths,
          uniq_natasha
D:6:      layout_loops_cross, minmay_temple_entry_mini_moons,
          chequers_ossuary_entry_cave
D:7:      layout_basic, enter_bailey_3, st_stairs_1, uniq_menkaure
Temple:   nicolae_temple_bog_church

Skill      XL: |  1  2  3  4  5  6  7  8 |
---------------+-------------------------+-----
Armour         | 4 5 6 7 |  7.0
Fighting       | 4 5 |  5.8
Axes           | 3 4 5 6 8 |  8.8
Shields        | 4 5 |  5.7
Dodging        | 1 2 |  2.0
Polearms       | 1 |  1.1
Throwing       | |  0.2
Stealth        | |  0.2

Action                     |  1- 3 |  4- 6 |  7- 9 || total
---------------------------+-------+-------+-------++-------
  Melee: War axe           |    90 |   118 |    83 ||   291
         Headbutt          |    11 |    28 |    12 ||    51
         Glaive            |       |       |    26 ||    26
  Throw: Boomerang         |       |       |     4 ||     4
    Use: Potion            |       |       |    15 ||    15
   Stab: Distracted        |       |       |     2 ||     2
 Armour: Scale mail        |    19 |       |       ||    19
         Chain mail        |    55 |    75 |   129 ||   259
  Dodge: Dodged            |    39 |    32 |    44 ||   115
  Block: Buckler           |    25 |     6 |       ||    31
         Kite shield       |       |    33 |    44 ||    77

Table legend: (Time is in decaauts)
 A = Elapsed time spent in this place.
 B = Non-inter-level travel time spent in this place.
 C = Inter-level travel time spent in this place.
 D = Time resting spent in this place.
 E = Time spent auto-exploring this place.
 F = Levels seen in this place.
 G = Mean time per level.
                   A        B        C        D        E       F      G
               +--------+--------+--------+--------+--------+-----+--------+
         Total |   4038 |   3986 |     52 |    233 |   1828 |   8 |  504.8 |
       Dungeon |   2900 |   2848 |     52 |      6 |   1669 |   5 |  580.0 |
        Temple |     35 |     35 |      0 |      0 |      0 |   1 |   35.0 |
       Ossuary |    452 |    452 |      0 |     90 |     86 |   1 |  452.0 |
        Bailey |    651 |    651 |      0 |    137 |     73 |   1 |  651.0 |
               +--------+--------+--------+--------+--------+-----+--------+

Top non-repeatable levels by time:
     D:1: 815 daAuts
     D:7: 762 daAuts
  Bailey: 651 daAuts
     D:2: 575 daAuts
 Ossuary: 452 daAuts
     D:6: 442 daAuts
     D:3: 303 daAuts
  Temple: 35 daAuts
